 Dungeon Crawl Stone Soup version 0.18.1-5-g4a78601 (webtiles) character file.

458 Implojin the Insei (level 6, -2/50 HPs)
             Began as a Mummy Monk on May 14, 2016.
             Killed from afar by an orc wizard (7 damage)
             ... with a puff of flame
             ... on level 4 of the Dungeon.
             The game lasted 00:11:20 (7093 turns).

Implojin the Insei (Mummy Monk)                     Turns: 7093, Time: 00:11:21

Health: -2/50      AC:  3    Str: 14    XL:     6   Next: 77%
Magic:  6/6        EV: 10    Int: 12    God:
Gold:   43         SH:  7    Dex: 17    Spells: 0 memorised, 5 levels left

rFire  x . .     SeeInvis .       - Unarmed
rCold  + . .     Gourm    .     (no armour)
rNeg   + + +     Faith    .     l - +0 shield
rPois  ∞         Spirit   .     (no helmet)
rElec  .         Dismiss  .     (no cloak)
rCorr  .         Reflect  .     (no gloves)
SustAt .         Harm     .     t - +2 pair of boots
MR     +....                    (no amulet)
Stlth  ++........               r - +3 ring of intelligence
                                s - ring of protection from magic

@: somewhat resistant to hostile enchantments, unstealthy
A: no food or potions, fire vulnerability, cold resistance 1, negative energy
resistance 3, torment resistance, unbreathing
a: no special abilities


You were on level 4 of the Dungeon.
You were not hungry.

You visited 1 branch of the dungeon, and saw 5 of its levels.

You collected 215 gold pieces.
You spent 172 gold pieces at shops.

Inventory:

Armour
 l - a +0 shield (worn)
 t - a +2 pair of boots (worn)
Jewellery
 k - an uncursed ring of magical power
 m - a cursed amulet of inaccuracy {unknown}
 r - a +3 ring of intelligence (right hand)
 s - a ring of protection from magic (left hand)
Wands
 p - a wand of polymorph (9/24)
 q - a wand of flame (33/48)
Scrolls
 a - a scroll of remove curse {unknown}
 b - 3 scrolls of identify {unknown}
 c - a scroll of enchant weapon {unknown}
 d - 3 scrolls of enchant armour
 e - 2 scrolls of amnesia {unknown}
 f - a scroll of noise {unknown}
 g - 2 scrolls of teleportation {unknown}
 i - 2 scrolls of recharging {unknown}
 n - a scroll of random uselessness {unknown}
 o - 2 scrolls of blinking {unknown}
Books
 j - a book of Dreams

   Spells                             Type                      Level
   a - Ensorcelled Hibernation        Hexes/Ice                    2
   b - Silence                        Hexes/Air                    5
   c - Darkness                       Hexes                        6
   d - Shadow Creatures               Summoning                    6
Comestibles
 h - 2 bread rations (quivered)


   Skills:
 * Level 4.8 Fighting
 - Level 2.4 Dodging
 - Level 1.5 Stealth
 - Level 6.0 Unarmed Combat


You had 5 spell levels left.
You didn't know any spells.

Dungeon Overview and Level Annotations

Branches:
Dungeon (5/15)
 Temple: D:4-7

Altars:
Nemelex Xobeh
Qazlal

Shops:
D:5 [

Annotations:
D:3 4 exclusions, Purgy


Innate Abilities, Weirdness & Mutations

You do not eat or drink.
Your flesh is vulnerable to fire.
You are immune to poison.
Your flesh is cold resistant.
You are immune to negative energy.
You are immune to unholy pain and torment.
You can survive without breathing.


Message History

The orc wizard is severely wounded.
The orc wizard misses you.
An orc wizard comes into view. It is wielding a dagger.
You miss the orc wizard.
The orc wizard is severely wounded.
The orc wizard shouts!
The orc wizard points at you and mumbles some strange words.
The puff of flame hits you! The fire burns you terribly!
* * * LOW HITPOINT WARNING * * *
The orc wizard mumbles some strange words.
The orc wizard flickers and vanishes!
Deactivating autopickup; reactivate with Ctrl-A.
You hear a shout!
You hit the orc wizard.
The orc wizard is almost dead.
The orc wizard casts a spell at you. The magic dart hits you!
* * * LOW HITPOINT WARNING * * *
You closely miss the orc wizard.
The orc wizard is almost dead.
An orc comes into view. It is wielding a club.
Unknown command.
You hit the orc wizard but do no damage.
The orc wizard is almost dead.
You block the orc wizard's attack. Something hits you.
* * * LOW HITPOINT WARNING * * *
The orc moves out of view.
Unknown command.
Things that are here:
a falchion; an orc corpse Read which item? (? for menu, Esc to quit)
As you read the scroll labeled WEAPRA XAZAN, it crumbles to dust.
It is a scroll of enchant armour.
Enchant which item? (? for menu, Esc to quit)
Your +1 pair of boots glows green for a moment.
The orc wizard gestures at you while chanting.
The puff of flame hits you! The fire burns you terribly!
You die...

#.#
#...#
#.#
#.####
#.#
#....#
#.#
####.#
#.#
#<†.#
#.#
#####
#.#
#.#
#@#
#o#
#..o.#
##...#
##..#
#..#
#..#
#..#
####


You could see an orc wizard and an orc.

Vanquished Creatures
  A phantom (D:3)
  A big kobold (D:3)
  A hound (D:5)
  2 orc priests
  Jessica (D:3)
  A centaur skeleton (D:4)
  2 worker ants (D:4)
  An adder (D:2)
  2 adder skeletons (D:4)
  4 worms
  A dart slug (D:1)
  2 giant geckos
  5 orcs
  2 ball pythons
  7 bats
  4 giant cockroaches
  7 goblins
  7 hobgoblins
  15 jackals
  7 kobolds
  7 giant newts
  7 rats
87 creatures vanquished.

Notes
Turn   | Place    | Note
--------------------------------------------------------------
     0 | D:1      | Implojin the Mummy Monk began the quest for the Orb.
     0 | D:1      | Reached XP level 1. HP: 18/18 MP: 1/1
   467 | D:1      | Reached XP level 2. HP: 5/24 MP: 2/2
  1116 | D:1      | Reached skill level 4 in Unarmed Combat
  1208 | D:1      | Reached XP level 3. HP: 20/29 MP: 3/3
  1478 | D:2      | Found a sparkling altar of Nemelex Xobeh.
  2871 | D:3      | Reached XP level 4. HP: 28/35 MP: 4/4
  3581 | D:3      | Noticed a big kobold
  3602 | D:3      | Killed a big kobold
  3602 | D:3      | Reached skill level 5 in Unarmed Combat
  3602 | D:3      | Reached XP level 5. HP: 25/41 MP: 5/5
  3751 | D:3      | Noticed Jessica
  3756 | D:3      | Killed Jessica
  3847 | D:3      | Noticed Purgy
  5122 | D:4      | Reached skill level 6 in Unarmed Combat
  5365 | D:4      | Found a stormy altar of Qazlal.
  5365 | D:4      | Noticed a phantom
  5709 | D:3      | Killed a phantom
  5709 | D:3      | Reached XP level 6. HP: 37/48 MP: 6/6
  5827 | D:4      | Reached skill level 4 in Fighting
  6647 | D:5      | Entered Level 5 of the Dungeon
  6971 | D:5      | Found Morchiu's Armour Shop.
  6979 | D:5      | Bought a +1 pair of boots for 172 gold pieces
  7093 | D:4      | Killed from afar by an orc wizard

Skill      XL: |  1  2  3  4  5  6 |
---------------+-------------------+-----
Unarmed Combat | 4 5 6 |  6.0
Fighting       | 4 |  4.8
Dodging        | |  2.4
Stealth        | |  1.5

Action                   |  1- 3 |  4- 6 || total
-------------------------+-------+-------++-------
Melee: Unarmed           |   159 |   236 ||   395
  Use: Scroll            |       |     1 ||     1
 Stab: Sleeping          |     3 |     3 ||     6
       Distracted        |     1 |       ||     1
Armor: Skin              |       |     1 ||     1
Dodge: Dodged            |    65 |    84 ||   149
Block: Shield            |    17 |    63 ||    80

Table legend:
 A = Turns spent in this place as a percentage of turns spent in the entire game.
 B = Non-inter-level travel turns spent in this place as a percentage of non-inter-level travel turns spent in the entire game.
 C = Inter-level travel turns spent in this place as a percentage of turns spent in this place.
 D = Turns resting spent in this place as a percentage of non-inter-level travel turns spent in this place.
 E = Turns spent auto-exploring this place as a percentage of non-inter-level travel turns spent in this place.
 F = Non-inter-level travel turns spent in this place divided by the number of levels of this place that you've seen.
                   A       B       C       D       E      F
               +-------+-------+-------+-------+-------+----------------------
         Total | 100.0 | 100.0 |   0.3 |   3.9 |   4.7 | 398.6
       Dungeon | 100.0 | 100.0 |   0.3 |   3.9 |   4.7 | 398.6
               +-------+-------+-------+-------+-------+----------------------

Table legend:
 A = Kills in this place as a percentage of kills in entire the game.
 B = Kills by you in this place as a percentage of kills by you in the entire game.
 C = Kills by friends in this place as a percentage of kills by friends in the entire game.
 D = Other kills in this place as a percentage of other kills in the entire game.
 E = Experience gained in this place as a percentage of experience gained in the entire game.
 F = Experience gained in this place divided by the number of levels of this place that you have seen.
                   A       B       C       D       E      F
               +-------+-------+-------+-------+-------+----------------------
         Total | 100.0 | 100.0 |  -nan |  -nan | 100.0 | 131.0
       Dungeon | 100.0 | 100.0 |  -nan |  -nan | 100.0 | 131.0
               +-------+-------+-------+-------+-------+----------------------
